 Dungeon Crawl Stone Soup version 0.25.1-2-g60ff931df9 (webtiles) character file.

Game seed: 15498689728623475270

775 Delamore the Cudgeler (level 7, -5/44 HPs)
             Began as a Gargoyle Fighter on Aug 30, 2020.
             Was a Believer of Okawaru.
             Slain by an orc warrior
             ... wielding a +0 trident
              (15 damage)
             ... on level 7 of the Dungeon.
             The game lasted 00:06:05 (6331 turns).

Delamore the Cudgeler (Gargoyle Fighter)            Turns: 6331, Time: 00:06:05

Health: -5/44      AC: 15    Str: 22    XL:     7   Next: 84%
Magic:  7/7        EV:  6    Int:  8    God:    Okawaru [**....]
Gold:   261        SH: 10    Dex:  9    Spells: 6/6 levels left

rFire    . . .     SeeInvis .   F - +3 flail
rCold    . . .     Gourm    .   c - +0 kite shield
rNeg     + . .     Faith    +   h - +0 chain mail
rPois    ∞         Spirit   .   (no helmet)
rElec    +         Reflect  .   (no cloak)
rCorr    .         Harm     .   x - +0 pair of gloves (curse)
MR       .....                  (no boots)
Stlth    ..........             w - amulet of faith
HPRegen  0.14/turn              o - ring of poison resistance
MPRegen  0.10/turn              u - ring of stealth

@: no status effects
A: negative energy resistance 1, electricity resistance, unbreathing,
petrification resistance, rot immunity, AC +4
a: Heroism, Renounce Religion


You were on level 7 of the Dungeon.
You worshipped Okawaru.
Okawaru was pleased with you.
You were not hungry.

You visited 1 branch of the dungeon, and saw 7 of its levels.

You collected 261 gold pieces.

Inventory:

Hand Weapons
 a - a +0 flail
 F - a +3 flail (weapon)
Missiles
 y - 4 atropa-tipped darts (quivered)
 E - 7 curare-tipped darts
Armour
 b - a +0 scale mail
 c - a +0 kite shield (worn)
 h - a +0 chain mail (worn)
 x - a cursed +0 pair of gloves (worn)
Jewellery
 k - an uncursed amulet of guardian spirit
 o - a ring of poison resistance (left hand)
 u - a ring of stealth (right hand)
 w - an amulet of faith (around neck)
Wands
 s - a wand of random effects (10)
Scrolls
 e - a scroll of fear {unknown}
 l - 6 scrolls of identify {unknown}
 m - 2 scrolls of teleportation {unknown}
 p - 7 scrolls of remove curse {unknown}
 q - a scroll of blinking {unknown}
 r - a scroll of amnesia {unknown}
 t - a scroll of fog {unknown}
 v - 3 scrolls of noise {unknown}
 z - a scroll of random uselessness {unknown}
 B - a scroll of enchant armour {unknown}
Potions
 d - a potion of might
 g - a potion of flight {unknown}
 i - 2 potions of haste {unknown}
 j - 2 potions of curing {unknown}
 n - a potion of brilliance {unknown}
 A - a potion of resistance {unknown}
 D - a potion of cancellation {unknown}
Comestibles
 f - 6 rations


   Skills:
 - Level 5.0 Fighting
 + Level 6.3 Maces & Flails
 - Level 5.0 Armour
 - Level 5.0 Shields


You had 6 spell levels left.
You didn't know any spells.
Your spell library was empty.

Dungeon Overview and Level Annotations

Branches:
Dungeon (7/15)             Temple (0/1) D:5

Altars:
Okawaru
Sif Muna
Trog


Innate Abilities, Weirdness & Mutations

You are resistant to torment.
Your stone body is resilient. (AC +4)
You are immune to poison.
You resist negative energy. (rN+)
You are resistant to electric shocks. (rElec)
You can survive without breathing.
You are immune to petrification.
You are immune to rotting.


Message History

You closely miss the orc warrior.
The orc warrior is moderately wounded.
The orc warrior hits you with a +0 trident!
You are too injured to fight recklessly!
You are too injured to fight recklessly!
You are too injured to fight recklessly!
You are too injured to fight recklessly!
You are too injured to fight recklessly!
You are too injured to fight recklessly!
You are too injured to fight recklessly!
You are too injured to fight recklessly!
You are too injured to fight recklessly!
Your shield and chain mail prevent you from hitting the orc warrior.
The orc warrior is moderately wounded.
The orc warrior hits you with a +0 trident!
* * * LOW HITPOINT WARNING * * *
You closely miss the orc warrior.
The orc warrior is moderately wounded.
The orc warrior hits you with a +0 trident!
You die...

###
#@#
#o#
#.#
...
#.#
#..
###


You could see an orc warrior.

Vanquished Creatures
  An ice beast (D:5)
  2 ogres
  2 scorpions
  A howler monkey (D:4)
  Terence (D:3)
  An iguana (D:5)
  3 orc wizards
  2 worker ants
  4 adders
  A howler monkey skeleton (D:4)
  3 adder zombies
  3 worms
  5 dart slugs
  5 leopard geckos
  18 orcs
  6 giant cockroaches
  5 goblins
  8 hobgoblins
  10 jackals
  7 kobolds
  4 quokkas
  A ball python (D:3)
  12 bats
  7 frilled lizards
  A giant cockroach zombie (D:5)
  A leopard gecko skeleton (D:6)
  A leopard gecko zombie (D:5)
  11 rats
126 creatures vanquished.

Notes
Turn   | Place    | Note
-------+----------+-------------------------------------------
     0 | D:1      | Delamore the Gargoyle Fighter began the quest for the Orb.
     0 | D:1      | Reached XP level 1. HP: 14/14 MP: 1/1
   135 | D:1      | You fall into a shaft and drop 1 floor!
   156 | D:2      | Reached XP level 2. HP: 3/19 MP: 2/2
   681 | D:2      | Reached XP level 3. HP: 24/24 MP: 3/3
  1480 | D:1      | Reached XP level 4. HP: 29/29 MP: 4/4
  2707 | D:3      | Noticed Terence
  2717 | D:3      | Killed Terence
  2738 | D:3      | Reached XP level 5. HP: 33/33 MP: 5/5
  2892 | D:3      | Found an iron altar of Okawaru.
  2904 | D:3      | Became a worshipper of Warmaster Okawaru
  2909 | D:3      | Reached skill level 3 in Maces & Flails
  3532 | D:4      | Reached XP level 6. HP: 30/39 MP: 6/6
  4361 | D:4      | Found a shimmering blue altar of Sif Muna.
  4398 | D:4      | Reached * piety under Okawaru
  4524 | D:5      | Entered Level 5 of the Dungeon
  4555 | D:5      | Found a staircase to the Ecumenical Temple.
  4647 | D:5      | Reached skill level 5 in Fighting
  4647 | D:5      | Reached skill level 5 in Armour
  4647 | D:5      | Reached skill level 5 in Shields
  4809 | D:5      | Reached skill level 4 in Maces & Flails
  4809 | D:5      | Reached XP level 7. HP: 38/44 MP: 7/7
  5283 | D:5      | Reached skill level 5 in Maces & Flails
  5366 | D:5      | Noticed a moth of wrath
  5368 | D:5      | Found a bloodstained altar of Trog.
  5582 | D:5      | Reached ** piety under Okawaru
  5865 | D:6      | Reached skill level 6 in Maces & Flails
  6331 | D:7      | Slain by an orc warrior

Illustrated notes

Levels and vault maps discovered:
D:1:      dpeg_arrival_three_smaller_balls, layout_loops_corners
D:2:      layout_basic, minmay_indecisive_spiral
D:3:      layout_basic, chequers_serial_rivers_micro_e,
          okawaru_ov_weapons_minmay, uniq_terence
D:4:      layout_basic, led_sif_pool
D:5:      layout_rooms, tgw_trog, temple_pool_b, first_ration,
          hangedman_decor_riveting, kennysheep_windowed_goal
D:6:      layout_loops_ring, corexii_corridor_pit
D:7:      layout_basic, nicolae_ashenzari_panopticon

Skill      XL: |  1  2  3  4  5  6  7 |
---------------+----------------------+-----
Shields        | 4 5 |  5.0
Fighting       | 4 5 |  5.0
Armour         | 4 5 |  5.0
Maces & Flails | 3 4 6 |  6.3

Action                   |  1- 3 |  4- 6 |  7- 9 || total
-------------------------+-------+-------+-------++-------
Melee: Flail             |   178 |   283 |    87 ||   548
  Eat: Chunk             |     2 |    11 |     3 ||    16
       Ration            |       |       |     1 ||     1
Armor: Scale mail        |    79 |       |       ||    79
       Chain mail        |    58 |   168 |    51 ||   277
Dodge: Dodged            |    78 |    49 |    20 ||   147
Block: Kite shield       |   106 |   158 |    39 ||   303
